AoeStats
← sales96

Arena

510153070Analyzed
4v4 RM · 4d ago on Sep 29, 2026· 54m 34s· 8 players
Game mode
Random Map
Map size
Large (8 player)
Population
200
Speed
Normal
Resources
Standard
Victory
Conquest
Starting age
Dark Age
Ending age
Imperial Age
RankedLock teamsTeams togetherTeam positionsShared explorationLock speedFull tech treeHidden civsTurbo modeCheats
Victory
Defeat
🇩🇪 Hindustanis · Germany
1626
+11
🇧🇪 Ethiopians · Belgium
1613
+12
🇦🇷 Japanese · Argentina
1572
+13
🇭🇰 Turks · Hong Kong SAR China
1516
+17
🇧🇷 Mapuche · Brazil
1588
-16
🇲🇽 Khmer · Mexico
1567
-15
🇧🇷 Italians · Brazil
1468
-11
🇧🇷 Teutons · Brazil
1450
-11
sales96
10:21 Feudal Age
11:06 Loom
13:25 Fletching
19:22 Castle Age
17:34 Horse Collar
17:39 Double-Bit Axe
27:35 Wheelbarrow
27:15 Scale Mail Armor
35:52 Imperial Age
35:41 Hand Cart
36:11 Forging
36:00 Stone Mining
36:01 Gold Mining
36:09 Elite Samurai
38:06 Iron Casting
38:18 Chain Mail Armor
38:35 Conscription
37:58 Pikeman
40:08 Blast Furnace
39:24 Chain Mail Armor
40:20 Chemistry
39:32 Squires
39:17 Arson
39:35 Heavy Plow
39:49 Bow Saw
39:58 Bodkin Arrow
40:42 Ballistics
40:07 Halberdier
40:50 Bracer
41:01 Guard Tower
41:38 Yasama
42:20 Plate Mail Armor
41:54 Padded Archer Armor
43:27 Keep
43:00 Heavy Plow
44:00 Two-Man Saw
43:42 Gold Shaft Mining
43:16 Treadmill Crane
44:42 Siege Engineers
44:34 Murder Holes
44:26 Arrowslits
45:41 Hoardings
44:45 Onager
49:25 Masonry
49:11 Murder Holes
50:17 Leather Archer Armor
51:26 Gambesons
Komi
10:24 Feudal Age
14:09 Castle Age
14:09 Double-Bit Axe
14:05 Horse Collar
14:22 Fletching
15:51 Bow Saw
18:04 Loom
18:48 Town Watch
23:52 Wheelbarrow
23:47 Gold Mining
23:39 Crossbowman
24:15 Bodkin Arrow
24:22 Crossbowman
24:58 Bodkin Arrow
26:37 Hand Cart
26:24 Heavy Plow
27:48 Gold Shaft Mining
30:08 Imperial Age
29:21 Ballistics
29:07 Thumb Ring
30:11 Padded Archer Armor
30:32 Arbalester
31:13 Bracer
32:16 Chemistry
32:53 Leather Archer Armor
34:43 Ring Archer Armor
43:29 Guilds
47:07 Elite Skirmisher
51:05 Capped Ram
52:30 Siege Ram
53:33 Scale Mail Armor
53:44 Forging
54:28 Conscription
大庆Song
6:28 Loom
11:36 Feudal Age
15:22 Castle Age
13:23 Horse Collar
13:33 Double-Bit Axe
13:51 Horse Collar
15:48 Scale Barding Armor
16:33 Wheelbarrow
16:16 Heavy Plow
21:43 Bow Saw
24:17 Scale Barding Armor
26:28 Bloodlines
27:20 Chain Barding Armor
28:05 Fletching
37:15 Hand Cart
42:56 Gold Mining
45:42 Imperial Age
43:15 Husbandry
44:45 Forging
47:08 Coinage
47:16 Plate Barding Armor
47:17 Iron Casting
48:52 Banking
48:23 Caravan
51:01 Blast Furnace
LM \ Molle
10:54 Feudal Age
15:00 Castle Age
13:00 Double-Bit Axe
12:56 Horse Collar
16:08 Bow Saw
16:15 Heavy Plow
19:48 Wheelbarrow
21:19 Loom
21:49 Hand Cart
21:20 Town Watch
22:33 Gold Mining
22:33 Stone Mining
29:19 Imperial Age
26:34 Loom
27:42 Forging
28:11 Bloodlines
28:44 Scale Barding Armor
28:40 Husbandry
30:01 Chain Barding Armor
30:01 Heavy Camel Rider
31:56 Plate Barding Armor
32:02 Imperial Camel Rider
34:26 Iron Casting
35:24 Conscription
35:40 Hoardings
36:33 Blast Furnace
35:59 Masonry
36:51 Chemistry
38:07 Coinage
38:46 Siege Engineers
39:29 Banking
43:20 Gold Shaft Mining
43:20 Stone Shaft Mining
42:47 Grand Trunk Road
43:17 Caravan
43:21 Fletching
GAX | ERV
9:59 Feudal Age
10:26 Feudal Age
13:12 Castle Age
11:49 Double-Bit Axe
11:46 Horse Collar
15:01 Wheelbarrow
15:12 Bow Saw
18:55 Gold Mining
20:22 Hand Cart
21:48 Bloodlines
21:58 Bloodlines
21:49 Husbandry
21:42 Loom
22:24 Scale Barding Armor
26:08 Chain Barding Armor
25:59 Forging
32:42 Imperial Age
33:08 Iron Casting
32:59 Cavalier
34:15 Plate Barding Armor
33:16 Capped Ram
35:01 Blast Furnace
37:19 Scale Mail Armor
37:07 Pikeman
38:41 Stone Mining
38:52 Heavy Plow
38:28 Light Cavalry
39:21 Elite Ballista Elephant
40:22 Conscription
40:25 Double Crossbow
40:59 Town Watch
41:46 Fletching
42:58 Chemistry
42:04 Siege Engineers
42:20 Ballistics
43:30 Siege Ram
51:12 Hussar
T0P_Obelisk
7:09 Loom
9:23 Feudal Age
13:45 Fletching
21:02 Double-Bit Axe
20:58 Horse Collar
21:09 Gold Mining
24:39 Castle Age
24:24 Wheelbarrow
26:04 Bow Saw
34:18 Bodkin Arrow
38:02 Scale Mail Armor
38:33 Squires
42:12 Man-at-Arms
42:13 Pikeman
43:10 Chain Mail Armor
43:06 Forging
43:49 Heavy Plow
43:15 Long Swordsman
43:41 Gambesons
45:18 Iron Casting
48:29 Imperial Age
49:03 Hand Cart
48:34 Town Watch
48:50 Two-Handed Swordsman
48:51 Halberdier
50:05 Plate Mail Armor
50:36 Blast Furnace
49:44 Champion
50:32 Town Patrol
GAX | Kareca
10:33 Feudal Age
14:47 Castle Age
13:59 Double-Bit Axe
14:14 Horse Collar
15:50 Bow Saw
21:55 Wheelbarrow
21:06 Town Watch
23:02 Loom
23:42 Fletching
24:40 Gold Mining
24:51 Heavy Plow
28:13 Imperial Age
26:02 Bodkin Arrow
26:51 Hand Cart
26:38 Padded Archer Armor
28:47 Gold Shaft Mining
28:02 Stone Mining
29:06 Leather Archer Armor
30:02 Chemistry
29:01 Elite Bolas Rider
32:24 Ballistics
33:35 Ring Archer Armor
38:44 Butalmapu
39:00 Conscription
38:44 Malon
46:26 Murder Holes
48:52 Elite Skirmisher
GAX | SUPERBOY
10:20 Feudal Age
14:28 Castle Age
13:07 Double-Bit Axe
15:48 Bow Saw
15:20 Horse Collar
17:30 Loom
20:43 Heavy Plow
21:21 Gold Mining
27:58 Imperial Age
25:44 Fletching
26:20 Ballistics
26:23 Bodkin Arrow
26:38 Crossbowman
27:23 Padded Archer Armor
28:01 Wheelbarrow
27:12 Town Watch
27:48 Thumb Ring
28:41 Leather Archer Armor
28:01 Arbalester
28:43 Bracer
28:47 Elite Skirmisher
29:51 Conscription
31:05 Chemistry
32:40 Two-Man Saw
35:32 Silk Road
35:25 Pirotechnia
37:45 Stone Mining
37:43 Treadmill Crane
38:14 Masonry
41:07 Hoardings
41:11 Ring Archer Armor
43:47 Crop Rotation
46:01 Hand Cart
Connection lost

Rejoining the realm…

Still unreachable

The connection could not be restored.

Session expired

The server has moved on; the page needs a fresh start.